 Dungeon Crawl Stone Soup version 0.22-a0-110-g5b255cf (webtiles) character file.

23513 4thArraOfDagon the Arsonist (level 13, -13/118 HPs)
             Began as a Barachi Fire Elementalist on Jan 27, 2018.
             Was a High Priest of Vehumet.
             Mangled by an orc knight
             ... wielding a +0 glaive
              (21 damage)
             ... on level 1 of the Orcish Mines.
             The game lasted 00:52:22 (8142 turns).

4thArraOfDagon the Arsonist (BaFE)                  Turns: 8142, Time: 00:52:23

Health: -13/118    AC: 10    Str: 15    XL:     13   Next: 7%
Magic:  4/27       EV: 12    Int: 20    God:    Vehumet [*****.]
Gold:   378        SH:  0    Dex: 13    Spells: 19/32 levels left

rFire    . . .     SeeInvis .   D - +0 executioner's axe (freeze)
rCold    . . .     Gourm    .   (shield currently unavailable)
rNeg     . . .     Faith    .   T - +1 troll leather armour
rPois    .         Spirit   .   R - +2 helmet
rElec    .         Reflect  .   z - +0 cloak
rCorr    .         Harm     .   V - +0 pair of gloves
MR       +....                  (no boots)
Stlth    ..........             W - amulet of regeneration
HPRegen  1.09/turn              j - ring of protection from magic
MPRegen  0.20/turn              o - ring of wizardry

@: berserking, drained, quick
A: +LOS, swims, slowness 1, strong legs 2
a: Hop, Renounce Religion


You were on level 1 of the Orcish Mines.
You worshipped Vehumet.
Vehumet was extremely pleased with you.
You were hungry.

You visited 3 branches of the dungeon, and saw 16 of its levels.
You also visited: Ossuary and Ice Cave.

You collected 618 gold pieces.
You spent 240 gold pieces at shops.

Inventory:

Hand Weapons
 e - a +0 spear
 t - a +0 trident
 y - a +0 demon trident of flaming
 A - a +0 war axe of flaming
 B - a +1 flail of draining
 D - a +0 executioner's axe of freezing (weapon)
 E - a +1 war axe of freezing
 P - a +0 blowgun
Missiles
 Q - 10 curare-tipped needles
Armour
 a - a +0 robe
 g - a +1 hat
 k - a +2 leather armour of poison resistance
 r - a +0 robe
 z - a +0 cloak (worn)
 C - a -1 helmet
 F - a +1 helmet
 G - a cursed +0 robe
 R - a +2 helmet (worn)
 T - a +1 troll leather armour (worn)
 V - a +0 pair of gloves (worn)
Magical Staves
 K - an uncursed staff of air
 M - an uncursed staff of cold
Jewellery
 j - a ring of protection from magic (left hand)
 o - a ring of wizardry (right hand)
 v - a +1 ring of evasion
 W - an amulet of regeneration (around neck)
Wands
 l - a wand of polymorph (1)
 m - a wand of random effects (15)
 L - a wand of paralysis (30)
 U - a wand of flame (26)
Scrolls
 s - 2 scrolls of amnesia
 u - 3 scrolls of teleportation
 x - 4 scrolls of fog
 H - 3 scrolls of remove curse
 I - 2 scrolls of blinking {unknown}
 J - a scroll of immolation {unknown}
 N - a scroll of torment
 S - 3 scrolls of identify
Potions
 d - a potion of ambrosia
 f - 4 potions of haste
 h - 2 potions of might
 i - 5 potions of berserk rage
 n - a potion of heal wounds
 p - 4 potions of mutation
 q - 2 potions of flight
 w - 2 potions of brilliance
 O - a potion of curing
Books
 b - a book of Flames

   Spells                             Type                      Level
   a - Flame Tongue                   Conjuration/Fire             1
   b - Throw Flame                    Conjuration/Fire             2
   c - Conjure Flame                  Conjuration/Fire             3
   d - Inner Flame                    Hexes/Fire                   3
   e - Sticky Flame                   Conjuration/Fire             4
   f - Fireball                       Conjuration/Fire             5
Comestibles
 c - 7 rations
 X - a chunk of flesh


   Skills:
 - Level 2.1(1.8) Dodging
 - Level 1.7(1.4) Stealth
 + Level 10.0(9.6) Spellcasting
 * Level 14.3(13.9) Conjurations
 * Level 14.7(14.2) Fire Magic


You had 19 spell levels left.
You knew the following spells:

 Your Spells              Type           Power        Failure   Level  Hunger
a - Flame Tongue          Conj/Fire      #####        1%          1    None
b - Conjure Flame         Conj/Fire      ######..     1%          3    None
c - Sticky Flame          Conj/Fire      ######..     1%          4    ##.....
d - Fireball              Conj/Fire      ######....   1%          5    #####..


Dungeon Overview and Level Annotations

Branches:
Dungeon (14/15)            Temple (1/1) D:6             Orc (1/2) D:12
 Vaults (0/5) D:14
   Lair: D:8-11

Altars:
Cheibriados
Dithmenos
Fedhas
Gozag
Kikubaaqudgha
Makhleb
Nemelex Xobeh
Okawaru
Qazlal
Trog
Vehumet
Wu Jian
Yredelemnul
The Shining One
Beogh

Shops:
D:11 !

Annotations:
D:14 Rupert, Urug


Innate Abilities, Weirdness & Mutations

Shadows flee at your approach. (+LOS)
You can swim through water.
You cover ground slowly.
You can hop long distances.


Message History

The orc knight is almost dead.
The orc knight barely misses you.
The orc knight hits you with an uncursed glaive!!
Unknown command.
You feel better.
The orc knight hits you with an uncursed glaive!!
* * * LOW HITPOINT WARNING * * *
Unknown command.
A red film seems to cover your vision as you go berserk!
You feel yourself moving faster!
You feel mighty!
Unknown command.
You barely miss the orc knight.
The orc knight is almost dead.
The orc knight hits you with an uncursed glaive!
* * * LOW HITPOINT WARNING * * *
Unknown command.
You closely miss the orc knight.
The orc knight is almost dead.
The orc knight hits you with an uncursed glaive!!
You die...

#...#...#.#.......# #
##...#.##..........
.#. ##
##.#...##...#.........
.# ####.#(...## ......
..#
#........#####.....
.##
###.....(.#)#...... ##
#...#.....).....# #
##.##.....o).#..#.
###.....@....$..#
##........#..##
##......## ## ##.##.##
### .# ##


You could see an orc knight.

Vanquished Creatures
  A hydra (D:11)
  The ghost of Gorice the Severer, a journeyman HOGl of Beogh (D:9)
  3 two-headed ogres
  2 centaur warriors
  5 ugly things
  An orc sorcerer (Orc:1)
  2 ice statues (IceCv)
  7 ice devils (IceCv)
  A queen bee (D:12)
  Prince Ribbit (D:8)
  13 slime creatures
  A wyvern (D:13)
  2 vampires
  A wraith (D:12)
  21 yaks
  A basilisk (D:10)
  14 humans
  3 hungry ghosts
  2 vampire mosquitoes (D:13)
  2 wargs (Orc:1)
  An acid dragon (D:12)
  3 orc warriors
  An ice beast (D:11)
  3 sky beasts
  3 ogres
  4 phantoms
  A black bear (D:10)
  An eye of draining (D:8)
  A centaur (D:9)
  8 bullfrogs
  4 water moccasin zombies (Ossuary)
  A scorpion (D:4)
  Dowan (D:4)
  11 killer bees (D:12)
  2 troll zombies (D:12)
  3 wights (D:9)
  2 crimson imps
  3 bullfrog zombies
  3 centaur zombies
  3 orc priests
  5 hounds
  7 orc wizards
  A centaur skeleton (D:7)
  An iguana (D:4)
  4 worker ants
  5 big kobold zombies (Ossuary)
  4 ogre zombies (D:12)
  3 mummies
  A howler monkey zombie (D:10)
  Robin (D:4)
  A worker ant zombie (D:6)
  A howler monkey skeleton (D:6)
  12 gnolls
  7 adders
  4 shadow imps
  10 white imps
  7 ufetubi (IceCv)
  2 oozes
  5 adder zombies (Ossuary)
  An adder skeleton (D:9)
  7 worms
  2 dart slugs
  2 leopard geckos
  43 orcs
  2 bats (D:2)
  2 giant cockroaches
  16 goblins
  17 hobgoblins
  10 jackals
  2 quokkas
  A ball python (D:1)
  3 frilled lizards (D:1)
  A goblin zombie (D:12)
  2 hobgoblin skeletons (D:12)
  9 hobgoblin zombies
  A jackal zombie (D:7)
  12 kobolds
  2 kobold zombies (Ossuary)
  A leopard gecko skeleton (D:8)
  A leopard gecko zombie (D:9)
  3 orc skeletons (D:12)
  16 orc zombies
  A quokka skeleton (D:4)
  4 rats
385 creatures vanquished.

Vanquished Creatures (others)
  A reaper (IceCv)
  2 white imps (IceCv)
  4 ufetubi (IceCv)
7 creatures vanquished.

Grand Total: 392 creatures vanquished

Notes
Turn   | Place    | Note
-------+----------+-------------------------------------------
     0 | D:1      | 4thArraOfDagon the Barachi Fire Elementalist began the quest for the Orb.
     0 | D:1      | Reached XP level 1. HP: 13/13 MP: 3/3
   282 | D:1      | Reached XP level 2. HP: 7/19 MP: 0/5
   682 | D:1      | Reached XP level 3. HP: 24/24 MP: 1/6
   687 | D:1      | Learned a level 3 spell: Conjure Flame
   996 | D:3      | Vajrapani: !hs * BaFE
  1001 | D:3      | beem: 618. Yermak the Annihilator (L27 BaFE of Vehumet), escaped with the Orb and 15 runes on 2017-03-31 20:52:56, with 19754992 points after 78178 turns and 8:07:30.
  1009 | D:3      | Reached XP level 4. HP: 27/30 MP: 0/8
  1117 | D:3      | Learned a level 4 spell: Sticky Flame
  1351 | D:5      | Entered Level 5 of the Dungeon
  1371 | D:5      | Reached XP level 5. HP: 35/35 MP: 6/9
  1542 | D:5      | Reached skill level 5 in Fire Magic
  1722 | D:5      | Reached XP level 6. HP: 30/41 MP: 4/10
  1941 | D:7      | Found a stormy altar of Qazlal.
  2190 | D:5      | Noticed a phantom
  2278 | D:7      | Found a sand-covered staircase.
  2285 | Ossuary  | Entered an ossuary
  2369 | Ossuary  | Reached XP level 7. HP: 11/46 MP: 2/12
  2392 | Ossuary  | Learned a level 5 spell: Fireball
  2461 | Ossuary  | Reached skill level 5 in Conjurations
  2982 | D:6      | Found a staircase to the Ecumenical Temple.
  2991 | Temple   | Entered the Ecumenical Temple
  3000 | Temple   | Became a worshipper of Vehumet
  3182 | D:6      | Reached XP level 8. HP: 43/52 MP: 1/14
  3189 | D:6      | Reached * piety under Vehumet
  3189 | D:6      | Offered knowledge of Sandblast by Vehumet.
  3477 | D:4      | Noticed Robin
  3486 | D:4      | Killed Robin
  3693 | D:4      | Reached ** piety under Vehumet
  3716 | D:4      | Offered knowledge of Magic Dart by Vehumet.
  3775 | D:4      | Noticed Dowan
  3799 | D:4      | Killed Dowan
  4243 | D:7      | Reached skill level 5 in Spellcasting
  4461 | D:8      | Reached XP level 9. HP: 47/57 MP: 13/17
  4498 | D:8      | Noticed an efreet
  4507 | D:8      | Noticed a two-headed ogre
  4520 | D:8      | Offered knowledge of Ignite Poison by Vehumet.
  4529 | D:8      | Noticed Prince Ribbit
  4536 | D:8      | Killed Prince Ribbit
  4645 | D:8      | Found an ornate altar of the Wu Jian Council.
  4726 | D:9      | Reached *** piety under Vehumet
  4812 | D:9      | Noticed Gorice's ghost (journeyman HOGl)
  4842 | D:9      | Killed Gorice's ghost
  4842 | D:9      | Reached skill level 10 in Fire Magic
  4842 | D:9      | Reached XP level 10. HP: 63/63 MP: 7/20
  4903 | D:9      | Noticed a two-headed ogre
  4914 | D:9      | Killed a two-headed ogre
  4914 | D:9      | Reached skill level 10 in Conjurations
  4973 | D:9      | Offered knowledge of Static Discharge by Vehumet.
  5130 | D:10     | Entered Level 10 of the Dungeon
  5153 | D:10     | Noticed Sonja
  5154 | D:10     | Noticed Sonja
  5154 | D:10     | Sonja changed into Sonja the basilisk
  5162 | D:10     | Killed Sonja the basilisk
  5235 | D:11     | Noticed a green ugly thing
  5245 | D:11     | Killed a green ugly thing
  5279 | D:11     | Found Nackoras's Distillery.
  5291 | D:11     | Bought a potion of curing for 48 gold pieces
  5291 | D:11     | Bought a potion of mutation for 128 gold pieces
  5291 | D:11     | Bought a potion of brilliance for 64 gold pieces
  5328 | D:11     | Noticed a two-headed ogre
  5335 | D:11     | Killed a two-headed ogre
  5376 | D:11     | Noticed a cyclops
  5430 | D:11     | Noticed a five-headed hydra
  5436 | D:11     | Killed a five-headed hydra
  5436 | D:11     | Reached XP level 11. HP: 50/68 MP: 15/22
  5475 | D:11     | Found a frozen archway.
  5483 | IceCv    | Entered an ice cave
  5505 | IceCv    | Reached **** piety under Vehumet
  5530 | IceCv    | Killed a reaper
  5626 | IceCv    | Offered knowledge of Iskenderun's Battlesphere by Vehumet.
  5834 | IceCv    | HP: 3/68 [ice devil (10)]
  6034 | IceCv    | :(
  6566 | D:14     | Noticed Urug
  6567 | D:14     | Noticed a centaur warrior
  6574 | D:14     | Noticed Rupert
  6574 | D:14     | Killed a centaur warrior
  6599 | D:13     | Noticed a centaur warrior
  6616 | D:13     | Killed a centaur warrior
  6616 | D:13     | Reached XP level 12. HP: 16/74 MP: 14/24
  6684 | D:13     | Reached ***** piety under Vehumet
  6728 | D:13     | Offered knowledge of Bolt of Magma by Vehumet.
  6993 | D:14     | Found a gate to the Vaults.
  7023 | D:13     | Noticed a two-headed ogre
  7033 | D:13     | Killed a two-headed ogre
  7753 | D:12     | Gained mutation: You can hop long distances. [Barachi growth]
  7753 | D:12     | Reached XP level 13. HP: 79/79 MP: 26/26
  7782 | D:12     | Found a staircase to the Orcish Mines.
  7819 | D:12     | Reached skill level 10 in Spellcasting
  7883 | D:12     | Offered knowledge of Conjure Ball Lightning by Vehumet.
  8034 | Orc:1    | Entered Level 1 of the Orcish Mines
  8065 | Orc:1    | Found a roughly hewn altar of Beogh.
  8142 | Orc:1    | Mangled by an orc knight

Vault maps used:
D:1:      dpeg_arrival_circle_labyrinth_c
D:3:      uniq_grinder
D:4:      uniq_robin, uniq_duvessa
D:5:      first_ration, minmay_misc_feat_iff, minmay_misc_feat_pillars
D:6:      corexii_shantytown, minmay_temple_entry_nine_rooms
D:7:      basic_altar, nicolae_ossuary_entry_giza
D:8:      hangedman_cross_stitches, lemuel_coloured_pillars_altar, serial_shops,
          kennysheep_mini, uniq_prince_ribbit1
D:10:     grunt_lair_entry_orc_guard_hut, uniq_grum, uniq_maurice, uniq_sonja,
          uniq_gastronok
D:11:     serial_shops, nicolae_shop_crystal, portal_ice_cave_entry_pillars_1
D:12:     zombieorc1_lemuel, david_nohive_1
D:14:     minmay_the_grid_square_5x5_5x5_mashed, david_vaults_3, serial_shops,
          nicolae_shop_statue_plus, tgw_lugonu_bribe
Temple:   grunt_wide_crystal_templ
Orc:1:    basic_altar
Ossuary:  ossuary_tomb_2
IceCv:    ice_cave_small_demon

Skill      XL: |  1  2  3  4  5  6  7  8  9 10 11 12 13 |
---------------+----------------------------------------+-----
Conjurations   | 2 3 4 6 7 9 11 12 14 | 14.3
Fire Magic     | 4 5 6 8 10 11 13 14 | 14.7
Spellcasting   | 3 4 5 6 7 8 9 10 | 10.0
Dodging        | |  2.1
Stealth        | |  1.7

Action                   |  1- 3 |  4- 6 |  7- 9 | 10-12 | 13-15 || total
-------------------------+-------+-------+-------+-------+-------++-------
Melee: Spear             |     8 |    19 |       |       |       ||    27
       Trident           |       |     7 |    31 |       |       ||    38
       War axe           |       |       |   123 |    16 |       ||   139
       Flail             |       |       |    27 |       |       ||    27
       Demon trident     |       |       |       |    26 |       ||    26
       Executioner's axe |       |       |       |    97 |    35 ||   132
Throw: Throwing net      |       |       |       |     1 |       ||     1
 Cast: Flame Tongue      |    45 |    56 |   102 |   143 |    11 ||   357
       Sticky Flame      |       |     8 |    29 |    31 |     2 ||    70
       Conjure Flame     |       |     4 |    15 |    52 |     5 ||    76
       Fireball          |       |       |     6 |    50 |     7 ||    63
 Abil: Hop               |     2 |       |     2 |     4 |       ||     8
Evoke: Wand              |       |     1 |    12 |     9 |     5 ||    27
  Use: Scroll            |       |     6 |     8 |     2 |     1 ||    17
       Potion            |       |     1 |     4 |     9 |     2 ||    16
 Stab: Sleeping          |       |       |     1 |       |       ||     1
       Held in net/web   |       |       |       |     1 |       ||     1
       Paralysed         |       |       |       |       |     3 ||     3
       Distracted        |       |       |       |       |     1 ||     1
  Eat: Chunk             |     1 |     5 |    15 |    13 |     1 ||    35
       Ration            |       |     1 |     2 |     5 |     1 ||     9
Armor: Robe              |     2 |    11 |       |       |       ||    13
       Leather armour    |       |     7 |    63 |    41 |       ||   111
       Skin              |       |       |    15 |    33 |       ||    48
       Troll leather arm |       |       |       |    56 |    21 ||    77
Dodge: Dodged            |     9 |    43 |   149 |   172 |    11 ||   384

Table legend:
 A = Spawn XP
 B = Non-spawn XP
 C = Spawn XP percentage of total XP
 D = Spawn monster count
 E = Non-spawn monster count
 F = Spawn count percentage of total count
 G = Total turns spent on level
                    A         B        C        D         E        F      G
               +---------+---------+-------+---------+---------+-------+---------
         Total |       0 |   33591 |   0.0 |       0 |     385 |   0.0 |  8142
               +---------+---------+-------+---------+---------+-------+---------
           D:1 |       0 |      36 |   0.0 |       0 |      12 |   0.0 |   707
           D:2 |       0 |      79 |   0.0 |       0 |      18 |   0.0 |   362
           D:3 |       0 |      54 |   0.0 |       0 |      19 |   0.0 |   431
           D:4 |       0 |     526 |   0.0 |       0 |      40 |   0.0 |   699
           D:5 |       0 |     168 |   0.0 |       0 |      11 |   0.0 |   664
           D:6 |       0 |     311 |   0.0 |       0 |      38 |   0.0 |   727
           D:7 |       0 |     454 |   0.0 |       0 |      12 |   0.0 |   342
           D:8 |       0 |    1231 |   0.0 |       0 |      19 |   0.0 |   330
           D:9 |       0 |    3567 |   0.0 |       0 |      19 |   0.0 |   432
          D:10 |       0 |     350 |   0.0 |       0 |       5 |   0.0 |    91
          D:11 |       0 |    4228 |   0.0 |       0 |      21 |   0.0 |   581
          D:12 |       0 |    6518 |   0.0 |       0 |      67 |   0.0 |   834
          D:13 |       0 |    7778 |   0.0 |       0 |      27 |   0.0 |   739
          D:14 |       0 |    3368 |   0.0 |       0 |      15 |   0.0 |    26
         Orc:1 |       0 |     997 |   0.0 |       0 |       6 |   0.0 |   108
       Ossuary |       0 |     507 |   0.0 |       0 |      31 |   0.0 |   417
         IceCv |       0 |    3419 |   0.0 |       0 |      25 |   0.0 |   633
               +---------+---------+-------+---------+---------+-------+---------
